 Dungeon Crawl Stone Soup version 0.22.0 (webtiles) character file.

50 letownia2 the Insei (level 3, -3/26 HPs)
             Began as a Demonspawn Transmuter on Aug 11, 2018.
             Slain by an orc
             ... wielding a +0 trident
              (7 damage)
             ... on level 3 of the Dungeon.
             The game lasted 00:03:06 (578 turns).

letownia2 the Insei (Demonspawn Transmuter)          Turns: 578, Time: 00:03:07

Health: -3/26      AC:  7    Str: 11    XL:     3   Next: 55%
Magic:  4/6        EV: 10    Int: 14    God:
Gold:   58         SH:  0    Dex: 13    Spells: 3/6 levels left

rFire    . . .     SeeInvis .     - Unarmed
rCold    . . .     Gourm    .   (no shield)
rNeg     . . .     Faith    .   l - +0 ring mail {MR+}
rPois    .         Spirit   .   (no helmet)
rElec    .         Reflect  .   (no cloak)
rCorr    .         Harm     .   (no gloves)
MR       +....                  (no boots)
Stlth    +.........             (no amulet)
HPRegen  0.08/turn              (no ring)
MPRegen  0.10/turn              (no ring)

@: very slightly contaminated
A: slimy green scales 1
a: no special abilities


You were on level 3 of the Dungeon.
You were not hungry.

You visited 1 branch of the dungeon, and saw 3 of its levels.

You collected 58 gold pieces.

Inventory:

Missiles
 a - 11 arrows
 h - 24 sling bullets
Armour
 b - a +0 robe
 c - a +0 ring mail
 e - a +0 leather armour
 l - a +0 ring mail of magic resistance (worn)
Scrolls
 i - a scroll of identify {unknown}
 j - a scroll of magic mapping {unknown}
 k - a scroll of teleportation {unknown}
 n - a scroll of remove curse {unknown}
Potions
 f - a potion of might {unknown}
 g - a potion of mutation {unknown}
Comestibles
 d - 3 rations
 m - 2 chunks of flesh


   Skills:
 - Level 1.0 Fighting
 - Level 1.7 Dodging
 + Level 4.2 Unarmed Combat
 - Level 2.0 Spellcasting
 - Level 1.7 Transmutations


You had 3 spell levels left.
You knew the following spells:

 Your Spells              Type           Power        Failure   Level  Hunger
a - Beastly Appendage     Tmut           #.....       28%         1    ##.....
l - Sticks to Snakes      Tmut           #.......     38%         2    ###....

Your spell library contained the following spells:

 Spells                   Type           Power        Failure   Level  Hunger
 Spider Form              Tmut/Pois      #.........   77%         3    ####...
 Blade Hands              Tmut           #.........   100%        5    ######.
 Ice Form                 Ice/Tmut       #.......     99%         4    #####..


Dungeon Overview and Level Annotations

Branches:
Dungeon (3/15)

Altars:


Innate Abilities, Weirdness & Mutations

You are partially covered in slimy green scales. (AC +2)


Message History

You miscast Sticks to Snakes.
You are very lightly contaminated with residual magic.
Waves of light ripple over your body. The orc closely misses you.
Unknown command.
You closely miss the orc. The orc closely misses you.
You closely miss the orc. The orc hits you with a trident.
* * * LOW HITPOINT WARNING * * *
You barely miss the orc. You hit the orc but do no damage.
Your talons disappear.
The orc hits you but does no damage.
Unknown command.
You hit the orc.
The orc is lightly wounded.
The orc hits you with a trident.
* * * LOW HITPOINT WARNING * * *
You hit the orc but do no damage.
The orc is lightly wounded.
The orc hits you with a trident!
You die...

.......## ........# .###
........# . ....
......g.# #.......
........#####.........
......................
.............###......
..........#####.......
####..$......††.@o....$.
.............#####......
..##.........# .....
............## ....
............# ...
....###..#... ##
..#.....#.... .##
.##.... ..


You could see an orc.

Vanquished Creatures
  Terence (D:2)
  3 dart slugs
  A ball python (D:1)
  3 bats
  3 goblins
  6 hobgoblins
  A frilled lizard (D:3)
  2 kobolds
  3 rats
23 creatures vanquished.

Notes
Turn   | Place    | Note
-------+----------+-------------------------------------------
     0 | D:1      | letownia2 the Demonspawn Transmuter began the quest for the Orb.
     0 | D:1      | Reached XP level 1. HP: 15/15 MP: 3/3
   124 | D:1      | Reached skill level 3 in Unarmed Combat
   141 | D:1      | Gained mutation: You are partially covered in slimy green scales. (AC +2) [demonic ancestry]
   141 | D:1      | Reached XP level 2. HP: 8/21 MP: 0/5
   395 | D:2      | Noticed Terence
   399 | D:2      | Learned a level 2 spell: Sticks to Snakes
   415 | D:2      | Killed Terence
   415 | D:2      | Reached skill level 4 in Unarmed Combat
   415 | D:2      | Reached XP level 3. HP: 6/26 MP: 3/6
   578 | D:3      | Slain by an orc

Skill      XL: |  1  2 |
---------------+-------+-----
Unarmed Combat | 3 4 |  4.2
Fighting       | |  1.0
Dodging        | |  1.7
Spellcasting   | |  2.0
Transmutations | |  1.7

Action                   || total
-------------------------++-------
Melee: Unarmed           ||    63
       Headbutt          ||     2
       Kick              ||     4
       Punch             ||     1
 Cast: Beastly Appendage ||     9
       Sticks to Snakes  ||     1
Armor: Ring mail         ||    19
Dodge: Dodged            ||    26
